 Dungeon Crawl Stone Soup version 0.21.1-1-g345015fe64 (webtiles) character file.

1333 RipGuy the Chopper (level 8, -7/69 HPs)
             Began as a Minotaur Fighter on Mar 31, 2018.
             Was a Follower of Makhleb.
             Mangled by Joseph
             ... wielding a +0 quarterstaff
              (13 damage)
             ... on level 7 of the Dungeon.
             The game lasted 00:39:44 (7049 turns).

RipGuy the Chopper (Minotaur Fighter)               Turns: 7049, Time: 00:39:45

Health: -7/69      AC: 10    Str: 23    XL:     8   Next: 34%
Magic:  7/7        EV: 10    Int:  5    God:    Makhleb [*.....]
Gold:   335        SH: 10    Dex: 10    Spells: 7/7 levels left

rFire    . . .     SeeInvis .   E - +1 war axe
rCold    + . .     Gourm    .   c - +0 shield
rNeg     . . .     Faith    .   O - +5 ring mail {rF+}
rPois    .         Spirit   .   (helmet restricted)
rElec    .         Reflect  .   (no cloak)
rCorr    .         Harm     .   L - +0 pair of gloves
MR       .....                  A - +0 pair of boots
Stlth    +.........             (no amulet)
HPRegen  0.21/turn              B - ring of ice
MPRegen  0.10/turn              (no ring)

@: corroded
A: retaliatory headbutt, horns 2
a: Renounce Religion


You were on level 7 of the Dungeon.
You worshipped Makhleb.
Makhleb was aware of your devotion.
You were not hungry.

You visited 1 branch of the dungeon, and saw 7 of its levels.

You collected 335 gold pieces.

Inventory:

Hand Weapons
 a - a +1 war axe
 e - a +0 club
 g - a +0 club
 j - a +3 dagger
 n - a +1 mace
 o - a +0 hunting sling
 q - a +0 short sword
 y - a +0 mace
 E - a +1 war axe (weapon)
 F - a +0 dagger
 H - a +0 trident
 K - the +8 hand axe "Iceompou" {flame, rC++ Str+2, unknown}
   (You found it on level 4 of the Dungeon)

   It has been specially enchanted to burn those struck by it, causing extra
   injury to most foes and up to half again as much damage against particularly
   susceptible opponents.
   Big, fiery blades are also staple armaments of hydra-hunters.
   It affects your strength (+2).
   It greatly protects you from cold.
 N - a +6 dire flail of holy wrath
Missiles
 f - 10 bolts
 v - 16 poisoned needles
Armour
 b - a +0 scale mail
 c - a +0 shield (worn)
 h - a -2 ring mail
 m - a +0 chain mail
 t - a +0 scale mail
 A - a +0 pair of boots (worn)
 D - a +0 ring mail
 G - a +0 chain mail
 L - a +0 pair of gloves (worn)
 O - a +5 ring mail of fire resistance (worn)
 S - a +0 chain mail
Jewellery
 B - a ring of ice (left hand)
Wands
 u - a wand of enslavement (20)
 M - a wand of flame (19)
Scrolls
 k - 4 scrolls of identify
 r - 5 scrolls of remove curse
 s - 2 scrolls of blinking
 P - a scroll of teleportation {unknown}
 Q - a scroll of amnesia {unknown}
Potions
 d - a potion of might
 i - a potion of invisibility {unknown}
 p - 4 potions of curing
 w - a potion of ambrosia {unknown}
 x - a potion of agility {unknown}
 z - a potion of cancellation {unknown}
 C - a potion of flight {unknown}
 I - a potion of resistance {unknown}
 J - a potion of degeneration {unknown}
Books
 R - a book of Flames

   Spells                             Type                      Level
   a - Flame Tongue                   Conjuration/Fire             1
   b - Throw Flame                    Conjuration/Fire             2
   c - Conjure Flame                  Conjuration/Fire             3
   d - Inner Flame                    Hexes/Fire                   3
   e - Sticky Flame                   Conjuration/Fire             4
   f - Fireball                       Conjuration/Fire             5
Comestibles
 l - 7 rations


   Skills:
 + Level 5.5 Fighting
 + Level 7.2(7.6) Axes
 + Level 3.0(5.5) Maces & Flails
 + Level 1.2(4.6) Polearms
 + Level 6.4 Armour
 + Level 2.5 Dodging
 + Level 1.1 Stealth
 + Level 6.5 Shields


You had 7 spell levels left.
You didn't know any spells.

Dungeon Overview and Level Annotations

Branches:
Dungeon (8/15)             Temple (0/1) D:5
   Lair: D:8-11

Altars:
Makhleb

Shops:
D:4 (

Annotations:
D:7 Joseph


Innate Abilities, Weirdness & Mutations

You reflexively headbutt those who attack you in melee.
You have a pair of horns on your head.


Message History

You slash Joseph! You headbutt Joseph.
Joseph is severely wounded.
You hit the jelly.
Your hands burn!
* * * LOW HITPOINT WARNING * * *
Joseph shouts, "At last, some action!"
Joseph barely misses you. The jelly misses you.
Unknown command.
You barely miss Joseph.
Joseph is severely wounded.
You slash the jelly! The acid corrodes you!
Your hands burn!
* * * LOW HITPOINT WARNING * * *
Joseph hits you with an uncursed quarterstaff.
* * * LOW HITPOINT WARNING * * *
You block the jelly's attack.
You slash Joseph! Your headbutt misses Joseph.
Joseph is almost dead.
You slash the jelly!
Your hands burn!
* * * LOW HITPOINT WARNING * * *
Joseph hits you with an uncursed quarterstaff!
You die...

#....# ........# #....# ........#
#((..# ........# #(...# ........#
#.(..# ........#
#....#............# #+#
##...#............####
#..##########..J##.....##+###....
#...#..........(@#.....#....#....
+...#...........@#.....#....#..>.
#...#.......<....'.....#....'....
#...#............#.....#....#....
#...'............#.....'....#....
#...########....##.....#....#....
#...##....#######...[..#.........
#.........#.....#...†..##########
#.........#.....#......#


You could see Joseph and a jelly.

Vanquished Creatures
  2 hippogriffs
  Edmund (D:5)
  A phantom (D:4)
  2 ogres (D:5)
  A centaur (D:5)
  2 crimson imps
  4 hounds
  A bullfrog skeleton (D:5)
  An orc priest (D:4)
  An orc wizard (D:5)
  A worker ant (D:4)
  2 worker ant zombies
  11 adders
  4 gnolls (D:7)
  3 shadow imps
  2 oozes
  2 adder skeletons
  2 adder zombies (D:5)
  A dart slug (D:4)
  5 leopard geckos
  9 orcs
  7 giant cockroaches
  3 goblins
  8 hobgoblins
  9 jackals
  2 quokkas
  4 ball pythons
  8 bats
  4 frilled lizards
  A jackal zombie (D:5)
  6 kobolds
  A leopard gecko zombie (D:5)
  13 rats
  4 plants (D:5)
128 creatures vanquished.

Notes
Turn   | Place    | Note
-------+----------+-------------------------------------------
     0 | D:1      | RipGuy the Minotaur Fighter began the quest for the Orb.
     0 | D:1      | Reached XP level 1. HP: 19/19 MP: 0/0
   250 | D:1      | Reached XP level 2. HP: 27/27 MP: 1/1
  1478 | D:2      | Reached XP level 3. HP: 33/33 MP: 2/2
  1520 | D:2      | Reached skill level 3 in Axes
  1845 | D:2      | Reached XP level 4. HP: 37/40 MP: 3/3
  2390 | D:2      | Reached skill level 1 in Maces & Flails
  2709 | D:2      | Found a burning altar of Makhleb.
  2733 | D:2      | Became a worshipper of Makhleb the Destroyer
  2873 | D:3      | Reached XP level 5. HP: 46/46 MP: 4/4
  3491 | D:3      | Reached skill level 5 in Armour
  4072 | D:4      | Reached XP level 6. HP: 18/53 MP: 5/5
  4079 | D:4      | HP: 2/53 [orc/trident (3)]
  4466 | D:4      | Got a crude hand axe
  4752 | D:4      | Found Fopeozxyss's Weapon Boutique.
  4796 | D:4      | Reached skill level 5 in Shields
  4885 | D:4      | Reached skill level 1 in Dodging
  4885 | D:4      | Reached skill level 1 in Stealth
  5156 | D:5      | Entered Level 5 of the Dungeon
  5170 | D:5      | Reached skill level 1 in Polearms
  5197 | D:5      | Reached skill level 4 in Axes
  5201 | D:5      | Found a staircase to the Ecumenical Temple.
  5298 | D:5      | Reached XP level 7. HP: 42/60 MP: 6/6
  5465 | D:5      | Noticed Edmund
  5484 | D:5      | Killed Edmund
  5484 | D:5      | Reached skill level 5 in Fighting
  5484 | D:5      | Reached skill level 5 in Axes
  6253 | D:5      | Reached * piety under Makhleb
  6258 | D:5      | Reached skill level 6 in Axes
  6815 | D:5      | You fall through a shaft for 3 floors!
  6818 | D:8      | Noticed a hippogriff
  6829 | D:8      | Killed a hippogriff
  6829 | D:8      | Reached XP level 8. HP: 56/68 MP: 7/7
  6979 | D:7      | Reached skill level 7 in Axes
  7026 | D:7      | Noticed Joseph
  7026 | D:7      | Noticed a hippogriff
  7032 | D:7      | Killed a hippogriff
  7049 | D:7      | Mangled by Joseph

Skill      XL: |  1  2  3  4  5  6  7  8 |
---------------+-------------------------+-----
Shields        | 4 5 6 |  6.5
Armour         | 4 5 6 |  6.4
Axes           | 3 4 6 7 |  7.2
Maces & Flails | 1 2 3 |  3.0
Fighting       | 4 5 |  5.5
Dodging        | 1 2 |  2.5
Stealth        | 1 |  1.1
Polearms       | 1 |  1.2

Action                   |  1- 3 |  4- 6 |  7- 9 || total
-------------------------+-------+-------+-------++-------
Melee: War axe           |    43 |    52 |   157 ||   252
       Headbutt          |     7 |    23 |    36 ||    66
       Mace              |    31 |   106 |       ||   137
       Trident           |       |    35 |       ||    35
  Use: Scroll            |     6 |     4 |     2 ||    12
       Potion            |       |     2 |     1 ||     3
  Eat: Ration            |     1 |     1 |     2 ||     4
       Chunk             |       |     7 |       ||     7
Armor: Scale mail        |    31 |     7 |       ||    38
       Ring mail         |     3 |       |    47 ||    50
       Chain mail        |       |   106 |    15 ||   121
Dodge: Dodged            |    28 |    66 |    46 ||   140
Block: Shield            |    54 |   117 |    71 ||   242
